 Dungeon Sprint DCSS version 0.30-a0-777-ga9a30cbeda (webtiles) character file.

Game seed: 12819396263485798407

156 sircluck the Covered (level 5, -9/51 HPs)
             Began as a Hill Orc Fighter on Feb 13, 2023.
             Mangled by a gnoll sergeant
             ... wielding a +0 spear
              (10 damage)
             ... in the Dungeon (Sprint VII: "The Pits").
             The game lasted 00:02:28 (442 turns).

sircluck the Covered (Hill Orc Fighter)              Turns: 442, Time: 00:02:29

Health: -9/51      AC:  8    Str: 21    XL:     5   Next: 38%
Magic:  5/5        EV: 10    Int:  8    God:
Gold:   0          SH:  5    Dex: 10    Spells: 4/4 levels left

rFire   . . .      SeeInvis .    a - +0 war axe
rCold   . . .      Faith    .    c - +0 buckler
rNeg    . . .      Spirit   .    b - +0 scale mail
rPois   .          Reflect  .    (no helmet)
rElec   .          Harm     .    (no cloak)
rCorr   .          Rampage  .    (no gloves)
Will    .....      NoTele   +    (no boots) Stlth
                                 (no amulet)
HPRegen 0.28/turn                (no ring)
MPRegen 0.09/turn                (no ring)

@: no status effects
A: no striking features
a: no special abilities


You were in the Dungeon.
You visited 1 branch

Inventory:

Hand Weapons
 a - a +0 war axe (weapon)
 o - a +2 hand axe
 p - a +0 heavy hand axe
Missiles
 n - 10 stones (quivered)
Armour
 b - a +0 scale mail (worn)
 c - a +0 buckler (worn)
 e - a +2 plate armour
 f - a +3 scale mail
Scrolls
 j - a scroll of blinking
 l - 5 scrolls of amnesia
 m - a scroll of butterflies
Potions
 d - a potion of might
 g - a potion of haste
 h - 4 potions of magic
 i - 2 potions of berserk rage
 k - 2 potions of invisibility
 q - 2 potions of curing
 r - 4 potions of heal wounds


   Skills:
 + Level 6.8 Fighting
 + Level 7.3 Axes
 + Level 7.5 Armour
 + Level 2.0 Dodging
 + Level 5.0 Shields


You had 4 spell levels left.
You didn't know any spells.
Your spell library was empty.

Dungeon Overview and Level Annotations

Branches:
Dungeon (1/1)

Altars:
Ashenzari
Cheibriados
Dithmenos
Elyvilon
Fedhas
Gozag
Hepliaklqana
Kikubaaqudgha
Makhleb
Nemelex Xobeh
Okawaru
Qazlal
Ru
Sif Muna
Trog
Uskayaw
Vehumet
Wu Jian
Xom
Yredelemnul
Zin
The Shining One
Beogh
Jiyva
Lugonu


Message History

You are too injured to fight recklessly!
You are too injured to fight recklessly!
You are too injured to fight recklessly!
You are too injured to fight recklessly!
You are too injured to fight recklessly!
You are too injured to fight recklessly!
You are too injured to fight recklessly!
You are too injured to fight recklessly!
You are too injured to fight recklessly!
You are too injured to fight recklessly!
You are too injured to fight recklessly!
You hit the giant cockroach.
You kill the giant cockroach!
The gnoll sergeant closely misses you. You block the gnoll sergeant's attack.
The gnoll closely misses you.
You see here a giant cockroach corpse.
You hit the gnoll sergeant.
The gnoll sergeant is moderately wounded.
The gnoll hits you from afar with a +0 spear.
You block the gnoll sergeant's attack.
You slash the gnoll sergeant!
The gnoll sergeant is heavily wounded.
The gnoll closely misses you. You block the gnoll sergeant's attack.
You barely miss the gnoll sergeant.
The gnoll sergeant is heavily wounded.
The gnoll hits you from afar with a +0 spear.
The gnoll sergeant hits you with a +0 spear.
* * * LOW HITPOINT WARNING * * *
You hit the gnoll sergeant.
The gnoll sergeant is severely wounded.
The gnoll sergeant hits you with a +0 spear.
* * * LOW HITPOINT WARNING * * *
You block the gnoll's attack.
You hit the gnoll sergeant but do no damage.
The gnoll sergeant is severely wounded.
The gnoll sergeant hits you with a +0 spear.
* * * LOW HITPOINT WARNING * * *
The gnoll closely misses you. The gnoll barely misses you.
The gnoll sergeant hits you with a +0 spear!
You die...

#_______...#######
##########'##.....
#.?..')))'.##.....
##########.##.....
#...........'.....
#'#####'#####.....
#.#..#..#..##.....
#.#.)÷..#.)#####'#
#@#..####))##.....
#g#..#..#))##.....
#g#..#..#..##.....
#g##'#).#'###...<.
#g#........##.....
#.#...)....##.....
#'###########.....
#.†.....# ######
#..g....#


You could see a gnoll sergeant and 3 gnolls.

Vanquished Creatures
  A sky beast (D)
  A hound (D)
  A gnoll (D)
  An ufetubus (D)
  An orc (D)
  2 endoplasms (D)
  2 giant cockroaches (D)
  4 jackals (D)
  A quokka (D)
  A kobold (D)
  2 rats (D)
17 creatures vanquished.

Notes
Turn   | Place    | Note
-------+----------+-------------------------------------------
     0 | D        | sircluck the Hill Orc Fighter began the quest for the Orb.
     0 | D        | Reached XP level 1. HP: 19/19 MP: 1/1
    20 | D        | Found a bloodstained altar of Trog.
    20 | D        | Found a shimmering blue altar of Sif Muna.
    20 | D        | Found a viscous altar of Jiyva.
    20 | D        | Found a hazy altar of Hepliaklqana.
    20 | D        | Found an opulent altar of Gozag.
    21 | D        | Found a glowing golden altar of the Shining One.
    21 | D        | Found a glowing silver altar of Zin.
    21 | D        | Found a basalt altar of Yredelemnul.
    21 | D        | Found a shimmering altar of Xom.
    21 | D        | Found an ornate altar of the Wu Jian Council.
    21 | D        | Found a sacrificial altar of Ru.
    21 | D        | Found a stormy altar of Qazlal.
    21 | D        | Found an iron altar of Okawaru.
    21 | D        | Found a sparkling altar of Nemelex Xobeh.
    21 | D        | Found a burning altar of Makhleb.
    21 | D        | Found a blossoming altar of Fedhas.
    21 | D        | Found a white marble altar of Elyvilon.
    21 | D        | Found a shadowy altar of Dithmenos.
    21 | D        | Found a snail-covered altar of Cheibriados.
    23 | D        | Found a radiant altar of Vehumet.
    23 | D        | Found a corrupted altar of Lugonu.
    23 | D        | Found a roughly hewn altar of Beogh.
    24 | D        | Found a hide-covered altar of Uskayaw.
    24 | D        | Found an ancient bone altar of Kikubaaqudgha.
    24 | D        | Found a broken altar of Ashenzari.
    82 | D        | Reached XP level 2. HP: 22/28 MP: 2/2
    98 | D        | Reached skill level 5 in Fighting
   233 | D        | Reached XP level 3. HP: 7/36 MP: 3/3
   396 | D        | Noticed a sky beast
   399 | D        | Noticed a gnoll sergeant
   409 | D        | Reached skill level 5 in Axes
   409 | D        | Reached skill level 5 in Armour
   409 | D        | Reached skill level 1 in Dodging
   409 | D        | Reached XP level 4. HP: 22/44 MP: 4/4
   423 | D        | Killed a sky beast
   424 | D        | Reached skill level 5 in Shields
   424 | D        | Reached XP level 5. HP: 19/51 MP: 5/5
   442 | D        | HP: 1/51 [gnoll sergeant/+0 spear (6)]
   442 | D        | Mangled by a gnoll sergeant

Illustrated notes

Levels and vault maps discovered:
D:        pitsprint [storerooms_1, entrance_room_1, metal_vault_4, armoury_2,
          mini_pit_1, grid_room_1, main_hall_1, silver_pit, the_coven_3,
          the_vestibule_1, steel_vault_4, golden_pit, hallway_of_sentries,
          crystal_vault_1, iron_vault_5, final_vault]

Skill      XL: |  1  2  3  4 |
---------------+-------------+-----
Fighting       | 4 5 6 |  6.8
Axes           | 3 4 5 7 |  7.3
Armour         | 4 5 7 |  7.5
Shields        | 4 5 |  5.0
Dodging        | 1 2 |  2.0

Action                     |  1- 3 |  4- 6 || total
---------------------------+-------+-------++-------
  Melee: War axe           |    56 |    21 ||    77
    Use: Potion            |     3 |     4 ||     7
 Armour: Scale mail        |    59 |     8 ||    67
  Dodge: Dodged            |    58 |    18 ||    76
  Block: Buckler           |    18 |    10 ||    28

Table legend: (Time is in decaauts)
 A = Elapsed time spent in this place.
 B = Non-inter-level travel time spent in this place.
 C = Inter-level travel time spent in this place.
 D = Time resting spent in this place.
 E = Time spent auto-exploring this place.
 F = Levels seen in this place.
 G = Mean time per level.
                   A        B        C        D        E       F      G
               +--------+--------+--------+--------+--------+-----+--------+
         Total |    480 |    471 |      9 |     47 |    214 |   1 |  480.0 |
       Dungeon |    480 |    471 |      9 |     47 |    214 |   1 |  480.0 |
               +--------+--------+--------+--------+--------+-----+--------+

Top non-repeatable levels by time:
       D: 480 daAuts
